 Dungeon Crawl Stone Soup version 0.23-a0-512-g50a8178 (webtiles) character file.

3846 zishaf the Arsonist (level 9, -15/45 HPs)
             Began as a Deep Elf Fire Elementalist on Dec 4, 2018.
             Was a Follower of Kikubaaqudgha.
             Demolished by an orc warrior
             ... wielding a +0 trident
              (16 damage)
             ... on level 8 of the Dungeon.
             The game lasted 00:21:34 (8591 turns).

zishaf the Arsonist (Deep Elf Fire Elementalist)    Turns: 8591, Time: 00:21:37

Health: -15/45     AC:  5    Str:  5    XL:     9   Next: 98%
Magic:  12/20      EV: 23    Int: 24    God:    Kikubaaqudgha [*.....]
Gold:   193        SH:  0    Dex: 15    Spells: 6/20 levels left

rFire    + . .     SeeInvis .   a - +3 scimitar (flame)
rCold    x . .     Gourm    .   (no shield)
rNeg     . . .     Faith    .   t - +0 robe
rPois    .         Spirit   .   (no helmet)
rElec    .         Reflect  .   z - scarf {repulsion}
rCorr    .         Harm     .   j - +1 pair of gloves
MR       .....                  w - +0 pair of boots
Stlth    ++........             i - amulet of rage
HPRegen  0.15/turn              C - ring of fire
MPRegen  0.17/turn              u - +6 ring of evasion

@: very slightly contaminated, repel missiles
A: no striking features
a: Receive Corpses, Renounce Religion, Evoke Berserk Rage


You were on level 8 of the Dungeon.
You worshipped Kikubaaqudgha.
Kikubaaqudgha was aware of your devotion.
You were hungry.

You visited 1 branch of the dungeon, and saw 9 of its levels.

You collected 193 gold pieces.

Inventory:

Hand Weapons
 a - a +3 scimitar of flaming (weapon)
Armour
 j - a +1 pair of gloves (worn)
 t - a +0 robe (worn)
 w - a +0 pair of boots (worn)
 z - a scarf of repulsion (worn)
Jewellery
 i - an amulet of rage (around neck)
 l - an uncursed ring of ice
 r - an uncursed ring of protection from fire
 u - a +6 ring of evasion (right hand)
 C - a ring of fire (left hand)
 G - an uncursed ring of resist corrosion
 I - an uncursed amulet of harm {unknown}
Wands
 x - a wand of paralysis (7)
 H - a wand of flame (22)
Scrolls
 d - a scroll of blinking
 h - a scroll of teleportation
 k - 2 scrolls of amnesia {unknown}
 m - a scroll of fog
 n - a scroll of immolation
 o - 4 scrolls of remove curse
 q - a scroll of noise {unknown}
 s - a scroll of enchant weapon {unknown}
 y - a scroll of summoning {unknown}
 D - a scroll of magic mapping {unknown}
 F - a scroll of identify
Potions
 b - a potion of agility {unknown}
 e - 5 potions of haste {unknown}
 f - a potion of cancellation {unknown}
 g - 5 potions of flight {unknown}
 p - a potion of curing
 v - a potion of ambrosia {unknown}
 A - 2 potions of invisibility {unknown}
 B - a potion of might
Comestibles
 c - 12 rations


   Skills:
 + Level 7.3 Dodging
 - Level 3.0 Stealth
 - Level 6.0 Spellcasting
 * Level 9.1 Conjurations
 * Level 9.8 Fire Magic
 - Level 4.0 Evocations


You had 6 spell levels left.
You knew the following spells:

 Your Spells              Type           Power        Failure   Level  Hunger
a - Throw Flame           Conj/Fire      ######       1%          2    None
b - Flame Tongue          Conj/Fire      #####        1%          1    None
c - Conjure Flame         Conj/Fire      ######..     1%          3    #......
d - Magic Dart            Conj           ####         1%          1    None
e - Fireball              Conj/Fire      ######....   4%          5    #####..
f - Blink                 Tloc           N/A          12%         2    None

Your spell library contained the following spells:

 Spells                   Type           Power        Failure   Level  Hunger
 Sticky Flame             Conj/Fire      ######..     1%          4    ###....
 Inner Flame              Hex/Fire       #####...     3%          3    #......
 Mephitic Cloud           Conj/Pois/Air  ###.....     7%          3    #......
 Pain                     Necr           #...         8%          1    None
 Call Imp                 Summ           #.......     12%         2    None
 Corpse Rot               Necr           N/A          12%         2    None
 Slow                     Hex            #.......     12%         2    None
 Sublimation of Blood     Necr           #.........   12%         2    None
 Regeneration             Chrm/Necr      #.........   24%         3    #......


Dungeon Overview and Level Annotations

Branches:
Dungeon (9/15)             Temple (0/1) D:4
   Lair: D:8-11         Orc: D:9-12

Altars:
Cheibriados
Elyvilon
Kikubaaqudgha
Nemelex Xobeh
Trog
Vehumet
Xom
Zin

Annotations:
D:9 Grum


Message History

The orc warrior appears unharmed.
The orc warrior is heavily wounded.
The orc warrior hits you with a +0 trident!
* * * LOW HITPOINT WARNING * * *
Casting: Flame Tongue (safe; 1% risk of failure)
Confirm with . or Enter, or press ? or * to list all spells.
Okay, then.
Casting: Flame Tongue (safe; 1% risk of failure)
Confirm with . or Enter, or press ? or * to list all spells.
You miscast Blink.
You are very lightly contaminated with residual magic.
You catch a glimpse of the back of your own head.
You are feeling hungry.
Casting: Blink (safe; 12% risk of failure)
Confirm with . or Enter, or press ? or * to list all spells.
You miscast Blink.
The floor and the ceiling briefly switch places.
The orc warrior hits you with a +0 trident!
You die...
Kikubaaqudgha rasps: "You have failed me!
Welcome... death!"

#### #... #### #...
####..### #...
#.....#.#######...
##.......#..#.#....
#..................
###............##...
#..@................
#..o................
#.....##............
#....................
.....#...............)
...#...................
###.##........#.........
# .........#......... ..
#.........


You could see an orc warrior.

Vanquished Creatures
  Harold (D:7)
  Erica (D:8)
  Pikel (D:7)
  Grinder (D:5)
  Prince Ribbit (D:5)
  Sigmund (D:5)
  Duvessa (D:5)
  An ice beast (D:3)
  An orc warrior (D:7)
  A slave (D:7)
  A phantom (D:4)
  An ogre (D:4)
  2 bullfrogs
  Dowan (D:5)
  2 scorpions
  A howler monkey (D:5)
  A crimson imp (D:5)
  A jelly (D:7)
  A hound (D:7)
  A centaur skeleton (D:8)
  4 orc priests
  6 orc wizards
  Ijyb (D:5)
  5 worker ants
  A hound skeleton (D:4)
  4 adders
  A shadow imp (D:5)
  2 oozes
  5 dart slugs
  A worm (D:2)
  2 leopard geckos
  25 orcs
  3 giant cockroaches
  8 goblins
  5 hobgoblins
  16 jackals
  5 quokkas
  A ball python (D:3)
  7 bats
  5 frilled lizards
  2 jackal skeletons
  A jackal zombie (D:5)
  12 kobolds
  3 rats
147 creatures vanquished.

Vanquished Creatures (others)
  An adder (D:7)
1 creature vanquished.

Grand Total: 148 creatures vanquished

Notes
Turn   | Place    | Note
-------+----------+-------------------------------------------
     0 | D:1      | zishaf the Deep Elf Fire Elementalist began the quest for
                  | the Orb.
     0 | D:1      | Reached XP level 1. HP: 10/10 MP: 6/6
   370 | D:1      | Reached XP level 2. HP: 15/15 MP: 6/8
   374 | D:1      | Learned a level 2 spell: Throw Flame
   564 | D:1      | You fall through a shaft!
   955 | D:2      | Reached XP level 3. HP: 19/19 MP: 5/9
   991 | D:2      | Learned a level 3 spell: Conjure Flame
  1136 | D:2      | Learned a level 1 spell: Magic Dart
  1560 | D:2      | Reached XP level 4. HP: 24/24 MP: 1/10
  2619 | D:3      | Noticed a bullfrog
  2623 | D:3      | Killed a bullfrog
  2623 | D:3      | Reached XP level 5. HP: 28/28 MP: 2/11
  2711 | D:3      | Found a sparkling altar of Nemelex Xobeh.
  2721 | D:3      | Found a white marble altar of Elyvilon.
  3109 | D:3      | Noticed an ice beast
  3114 | D:3      | Killed an ice beast
  3114 | D:3      | Reached skill level 5 in Fire Magic
  3114 | D:3      | Reached XP level 6. HP: 32/32 MP: 5/12
  3523 | D:3      | Found a bloodstained altar of Trog.
  3525 | D:3      | Found a glowing silver altar of Zin.
  3528 | D:3      | Found an ancient bone altar of Kikubaaqudgha.
  3743 | D:4      | Found a snail-covered altar of Cheibriados.
  3974 | D:4      | Reached XP level 7. HP: 36/36 MP: 2/14
  4174 | D:4      | Found a shimmering altar of Xom.
  4530 | D:3      | Became a worshipper of Kikubaaqudgha
  4597 | D:4      | Found a staircase to the Ecumenical Temple.
  4606 | D:4      | Reached skill level 5 in Conjurations
  4658 | D:5      | Entered Level 5 of the Dungeon
  4679 | D:5      | Noticed Ijyb
  4784 | D:5      | Paralysed by Ijyb for 4 turns
  4790 | D:5      | Killed Ijyb
  5005 | D:5      | Learned a level 5 spell: Fireball
  5192 | D:5      | Noticed Dowan
  5204 | D:5      | Killed Dowan
  5204 | D:5      | Reached skill level 1 in Evocations
  5324 | D:5      | Noticed Sigmund
  5338 | D:5      | Noticed Duvessa
  5343 | D:5      | Noticed Prince Ribbit
  5343 | D:5      | Noticed Grinder
  5704 | D:5      | Reached skill level 5 in Dodging
  5754 | D:5      | Killed Duvessa
  5754 | D:5      | Reached XP level 8. HP: 16/41 MP: 2/16
  5985 | D:5      | Killed Sigmund
  6148 | D:5      | Paralysed by Grinder for 6 turns
  6581 | D:5      | Paralysed by Grinder for 5 turns
  6587 | D:5      | Killed Grinder
  7168 | D:5      | Killed Prince Ribbit
  7236 | D:6      | You fall through a shaft for 3 floors!
  7237 | D:9      | Noticed Grum
  7238 | D:9      | Noticed a hornet
  7353 | D:8      | Reached * piety under Kikubaaqudgha
  7353 | D:8      | Identified Kikubaaqudgha's Catalogue of Evil (Kikubaaqudgha
                  | gifted it to you on level 8 of the Dungeon)
  7353 | D:8      | Received a gift from Kikubaaqudgha
  7361 | D:8      | Learned a level 2 spell: Blink
  7375 | D:8      | Noticed Erica
  7403 | D:8      | Killed Erica
  7403 | D:8      | Reached skill level 5 in Spellcasting
  7403 | D:8      | Reached XP level 9. HP: 21/45 MP: 3/18
  7581 | D:7      | Noticed Pikel
  7593 | D:7      | Killed Pikel
  8175 | D:7      | Found a radiant altar of Vehumet.
  8428 | D:7      | Noticed Harold
  8445 | D:7      | Killed Harold
  8589 | D:8      | HP: 1/45 [orc warrior/+0 trident (13)]
  8591 | D:8      | Demolished by an orc warrior

Vault maps used:
D:1:      psy_arrival_fountain
D:2:      hex_large
D:3:      grunt_temple_overflow_open
D:4:      kennysheep_slug_shrine, minmay_temple_entry_tees, tgw_xom
D:5:      first_ration, uniq_ijyb, uniq_prince_ribbit1, uniq_sigmund,
          uniq_grinder, uniq_duvessa
D:6:      regret_index_temple_of_mockery
D:7:      vehumet_altar_wand_db, lemuel_round_altar, uniq_pikel, uniq_harold
D:8:      erik_lair_dragon, uniq_joseph, uniq_erica
D:9:      kennysheep_mini_moat, david_orc_3, uniq_grum

Skill      XL: |  1  2  3  4  5  6  7  8  9 |
---------------+----------------------------+-----
Conjurations   | 2 3 4 6 7 9 |  9.1
Stealth        | 3 |  3.0
Fire Magic     | 4 5 6 7 8 9 |  9.8
Dodging        | 3 4 5 6 7 |  7.3
Spellcasting   | 4 5 6 |  6.0
Evocations     | 1 3 4 |  4.0

Action                   |  1- 3 |  4- 6 |  7- 9 || total
-------------------------+-------+-------+-------++-------
Melee: Unarmed           |    11 |       |       ||    11
       Dagger            |       |       |     6 ||     6
       Short sword       |       |       |     1 ||     1
       Scimitar          |       |       |     1 ||     1
 Cast: Flame Tongue      |    35 |    51 |   183 ||   269
       Throw Flame       |    21 |    47 |    46 ||   114
       Magic Dart        |       |       |     5 ||     5
       Fireball          |       |       |     2 ||     2
       Conjure Flame     |       |       |     2 ||     2
  Use: Scroll            |       |       |     8 ||     8
  Eat: Chunk             |     3 |     9 |    11 ||    23
       Ration            |       |       |     1 ||     1
Armor: Robe              |     4 |     6 |    11 ||    21
Dodge: Dodged            |    15 |    18 |    89 ||   122
       Deflected         |       |       |     1 ||     1
       Rpst.: Scimitar   |       |       |     3 ||     3

Table legend:
 A = Non-vault XP
 B = Vault XP
 C = Vault XP percentage of total XP
 D = Non-vault monster count
 E = Vault monster count
 F = Vault count percentage of total count
                 A         B        C        D         E       F
            +---------+---------+-------+---------+---------+-------
      Total |    1908 |    3587 |  65.3 |     135 |      11 |   7.5
            +---------+---------+-------+---------+---------+-------
        D:1 |      27 |       0 |   0.0 |      16 |       0 |   0.0
        D:2 |     133 |       0 |   0.0 |      30 |       0 |   0.0
        D:3 |     365 |       0 |   0.0 |      33 |       0 |   0.0
        D:4 |     369 |       4 |   1.1 |       9 |       1 |  10.0
        D:5 |     403 |    1029 |  71.9 |      27 |       6 |  18.2
        D:7 |     571 |    1620 |  73.9 |      19 |       3 |  13.6
        D:8 |      40 |     934 |  95.9 |       1 |       1 |  50.0
            +---------+---------+-------+---------+---------+-------
